WIN
DETROIT (WIN) TIGERS @ BALTIMORE (WIN) ORIOLES
12/01/2045
 
TOP OF THE 1ST
Detroit (WIN) Tigers batting - Pitching for Baltimore (WIN) Orioles : RHP Kevin Stewart
Pitching: RHP Kevin Stewart
Batting: RHB Jon Goldstein 0-0: Called Strike
0-1: Foul Ball, location: 2F
0-2: Foul Ball, location: 2F
0-2: Strikes out swinging
Batting: LHB Freddy Troncoso 0-0: Ball
1-0: Called Strike
1-1: Ball
2-1: Ground out U3 (Groundball, 34, EV 81.9 MPH)
Batting: SHB Ross Holland 0-0: Swinging Strike
0-1: Ball
1-1: Fly out, F5 (Popup, 56, EV 72.5 MPH)
Top of the 1st over - 0 runs, 0 hits, 0 errors, 0 left on base; Detroit (WIN) 0 - Baltimore (WIN) 0
BOTTOM OF THE 1ST
Baltimore (WIN) Orioles batting - Pitching for Detroit (WIN) Tigers : RHP Nate Mull
Pitching: RHP Nate Mull
Batting: RHB Danny Merrill 0-0: Foul Ball, location: 2F
0-1: Ball
1-1: Hit by Pitch
Batting: SHB Alvaro Palacio 0-0: Fielders Choice at 2nd, 4-6 (Groundball, 4D, EV 105.0 MPH)
Batting: RHB Vince Jackson 0-0: Ball
1-0: Ball
2-0: Called Strike
2-1: Called Strike
Alvaro Palacio steals 2nd base
2-2: Ball
3-2: Foul Ball, location: 2F
3-2: DOUBLE (Flyball, 89D, EV 103.1 MPH)
Alvaro Palacio scores
Batting: RHB Rudo Garciaparra 0-0: Called Strike
0-1: Foul Ball, location: 2F
0-2: Ball
1-2: Ball
2-2: SINGLE (Groundball, 6S, EV 71.2 MPH) (infield hit)
Vince Jackson to third
Batting: RHB Alex Valencia 0-0: Ball
Rudo Garciaparra steals 2nd base
1-0: Ball
2-0: Ball
3-0: Called Strike
3-1: Called Strike
3-2: Strikes out swinging
Batting: LHB Justin Moore 0-0: Called Strike
0-1: Foul Ball, location: 2F
0-2: Foul Ball, location: 2F
0-2: Ball
1-2: Ground out 2-3 (Groundball, 2L, EV 61.2 MPH)
Bottom of the 1st over - 1 run, 2 hits, 0 errors, 2 left on base; Detroit (WIN) 0 - Baltimore (WIN) 1
TOP OF THE 2ND
Detroit (WIN) Tigers batting - Pitching for Baltimore (WIN) Orioles : RHP Kevin Stewart
Batting: LHB Jon Frederick 0-0: Foul Ball, location: 2F
0-1: Ball
1-1: Ball
2-1: Ball
3-1: Called Strike
3-2: Fly out, F8 (Line Drive, 8RM, EV 91.2 MPH)
Batting: RHB Steve Clark 0-0: Ball
1-0: Ball
2-0: Called Strike
2-1: Ground out 5-3 (Groundball, 5, EV 105.0 MPH)
Batting: RHB Joel Miller 0-0: Called Strike
0-1: Swinging Strike
0-2: Foul Ball, location: 2F
0-2: Ball
1-2: SINGLE (Groundball, 56S, EV 73.8 MPH) (infield hit)
Batting: RHB Aaron Cusick 0-0: Ball
1-0: Ball
2-0: Called Strike
2-1: Fly out, F7 (Line Drive, 7LM, EV 97.5 MPH)
Top of the 2nd over - 0 runs, 1 hit, 0 errors, 1 left on base; Detroit (WIN) 0 - Baltimore (WIN) 1
BOTTOM OF THE 2ND
Baltimore (WIN) Orioles batting - Pitching for Detroit (WIN) Tigers : RHP Nate Mull
Batting: SHB Jorge Brito 0-0: Swinging Strike
0-1: Foul Ball, location: 2F
0-2: Strikes out swinging
Batting: LHB Eddie Ramirez 0-0: Ball
1-0: Called Strike
1-1: Foul Ball, location: 2F
1-2: Foul Ball, location: 2F
1-2: Strikes out swinging
Batting: RHB Adam Swimmer 0-0: Called Strike
0-1: Ball
1-1: Ball
2-1: Foul Ball, location: 2F
2-2: Strikes out swinging, 2-3 out at first.
Bottom of the 2nd over - 0 runs, 0 hits, 0 errors, 0 left on base; Detroit (WIN) 0 - Baltimore (WIN) 1
TOP OF THE 3RD
Detroit (WIN) Tigers batting - Pitching for Baltimore (WIN) Orioles : RHP Kevin Stewart
Batting: RHB Yaremka Rzhevsky 0-0: Called Strike
0-1: Ball
1-1: Ball
2-1: Ball
3-1: Ground out 6-3 (Groundball, 6MD, EV 103.1 MPH)
Batting: LHB Luis Dominguez 0-0: Ball
1-0: Ball
2-0: Ball
3-0: Called Strike
3-1: SINGLE (Line Drive, 56, EV 96.9 MPH)
Batting: RHB Jon Goldstein 0-0: Called Strike
0-1: Fielders Choice at 2nd, 6-4 (Groundball, 6, EV 81.2 MPH)
Batting: LHB Freddy Troncoso 0-0: Ball
1-0: Called Strike
1-1: Ground out U3 (Groundball, 3S, EV 65.6 MPH)
Top of the 3rd over - 0 runs, 1 hit, 0 errors, 1 left on base; Detroit (WIN) 0 - Baltimore (WIN) 1
BOTTOM OF THE 3RD
Baltimore (WIN) Orioles batting - Pitching for Detroit (WIN) Tigers : RHP Nate Mull
Batting: RHB Danny Merrill 0-0: Ball
1-0: Called Strike
1-1: Swinging Strike
1-2: Strikes out swinging
Batting: SHB Alvaro Palacio 0-0: Ball
1-0: Foul Ball, location: 2F
1-1: Ball
2-1: Called Strike
2-2: Strikes out swinging
Batting: RHB Vince Jackson 0-0: Called Strike
0-1: Ball
1-1: Ball
2-1: SINGLE (Groundball, 6, EV 95.6 MPH)
Batting: RHB Rudo Garciaparra 0-0: Swinging Strike
0-1: Ball
1-1: Ball
2-1: DOUBLE (Line Drive, 9LS, EV 90.0 MPH)
Vince Jackson to third
Batting: RHB Alex Valencia 0-0: Ball
1-0: Foul Ball, location: 2F
1-1: Ground out 4-3 (Groundball, 4, EV 108.1 MPH)
Bottom of the 3rd over - 0 runs, 2 hits, 0 errors, 2 left on base; Detroit (WIN) 0 - Baltimore (WIN) 1
TOP OF THE 4TH
Detroit (WIN) Tigers batting - Pitching for Baltimore (WIN) Orioles : RHP Kevin Stewart
Batting: SHB Ross Holland 0-0: Ball
1-0: Called Strike
1-1: Ball
2-1: Called Strike
2-2: Foul Ball, location: 2F
2-2: Foul Ball, location: 2F
2-2: Ball
3-2: Foul Ball, location: 2F
3-2: SINGLE (Groundball, 6S, EV 65.0 MPH) (infield hit)
Batting: LHB Jon Frederick 0-0: Ball
1-0: Swinging Strike
1-1: Ball
2-1: DOUBLE (Line Drive, 7LD, EV 102.5 MPH)
Ross Holland to third
Batting: RHB Steve Clark 0-0: Swinging Strike
0-1: Ball
1-1: Swinging Strike
1-2: SINGLE (Groundball, 6, EV 103.8 MPH) (infield hit)
Ross Holland scores
Jon Frederick to third
Batting: RHB Joel Miller 0-0: DOUBLE (Flyball, 89D, EV 112.5 MPH)
Jon Frederick scores
Steve Clark to third
Batting: RHB Aaron Cusick 0-0: Called Strike
0-1: Foul Ball, location: 2F
0-2: Ball
1-2: Ball
2-2: Foul Ball, location: 2F
2-2: Ball
3-2: Strikes out swinging
Batting: RHB Yaremka Rzhevsky 0-0: Called Strike
0-1: Foul Ball, location: 2F
0-2: SINGLE (Groundball, 3, EV 100.0 MPH) (infield hit)
Steve Clark scores
Joel Miller to third
Pitching: RHP Wayne Lammers
Batting: LHB Luis Dominguez 0-0: Foul Ball, location: 2F
0-1: Ball
1-1: Called Strike
1-2: Foul Ball, location: 2F
1-2: Strikes out swinging
Batting: RHB Jon Goldstein 0-0: Called Strike
0-1: Ball
1-1: Fly out, F9 (Flyball, 9S, EV 80.6 MPH)
Top of the 4th over - 3 runs, 5 hits, 0 errors, 2 left on base; Detroit (WIN) 3 - Baltimore (WIN) 1
BOTTOM OF THE 4TH
Baltimore (WIN) Orioles batting - Pitching for Detroit (WIN) Tigers : RHP Nate Mull
Batting: LHB Justin Moore 0-0: SINGLE (Line Drive, 8LS, EV 106.2 MPH)
Batting: SHB Jorge Brito 0-0: Swinging Strike
0-1: Ball
1-1: Ball
2-1: Swinging Strike
2-2: Strikes out swinging
Batting: LHB Eddie Ramirez 0-0: Ball
Justin Moore is caught stealing 2nd base 2-6
1-0: Ball
2-0: Ball
3-0: Called Strike
3-1: Foul Ball, location: 2F
3-2: Foul Ball, location: 2F
3-2: Strikes out looking
Bottom of the 4th over - 0 runs, 1 hit, 0 errors, 0 left on base; Detroit (WIN) 3 - Baltimore (WIN) 1
TOP OF THE 5TH
Detroit (WIN) Tigers batting - Pitching for Baltimore (WIN) Orioles : RHP Wayne Lammers
Batting: LHB Freddy Troncoso 0-0: Called Strike
0-1: Foul Ball, location: 2F
0-2: Ball
1-2: Foul Ball, location: 2F
1-2: Strikes out swinging
Batting: SHB Ross Holland 0-0: SINGLE (Line Drive, 4D, EV 95.6 MPH)
Batting: LHB Jon Frederick 0-0: Swinging Strike
0-1: Foul Ball, location: 2F
0-2: Ball
1-2: Ball
2-2: Ball
3-2: Foul Ball, location: 2F
3-2: Foul Ball, location: 2F
3-2: SINGLE (Line Drive, 56D, EV 94.4 MPH)
Ross Holland to second
Ross Holland to third
Batting: RHB Steve Clark 0-0: Ball
1-0: SINGLE (Line Drive, 89S, EV 94.4 MPH)
Ross Holland scores
Jon Frederick to second
Runner from 2nd tries for 3rd, SAFE, throw by CF made to third
Batting: RHB Joel Miller 0-0: Foul Ball, location: 2F
0-1: Swinging Strike
0-2: Strikes out swinging
Batting: RHB Aaron Cusick 0-0: Ball
1-0: Swinging Strike
1-1: Ball
2-1: Called Strike
2-2: Ball
3-2: Foul Ball, location: 2F
3-2: Base on Balls
Steve Clark to second
Batting: RHB Yaremka Rzhevsky 0-0: Ball
1-0: Ball
2-0: Ball
3-0: Base on Balls
Jon Frederick scores
Steve Clark to third
Aaron Cusick to second
Batting: LHB Luis Dominguez 0-0: Fly out, F8 (Flyball, 78D, EV 83.1 MPH)
Top of the 5th over - 2 runs, 3 hits, 0 errors, 3 left on base; Detroit (WIN) 5 - Baltimore (WIN) 1
BOTTOM OF THE 5TH
Baltimore (WIN) Orioles batting - Pitching for Detroit (WIN) Tigers : RHP Nate Mull
Batting: RHB Adam Swimmer 0-0: Ball
1-0: Ball
2-0: Fly out, F9 (Flyball, 9LM, EV 84.4 MPH)
Batting: RHB Danny Merrill 0-0: Ball
1-0: Foul Ball, location: 2F
1-1: Fly out, F8 (Flyball, 8LM, EV 88.1 MPH)
Batting: SHB Alvaro Palacio 0-0: Ball
1-0: Swinging Strike
1-1: Foul Ball, location: 2F
1-2: Strikes out looking
Bottom of the 5th over - 0 runs, 0 hits, 0 errors, 0 left on base; Detroit (WIN) 5 - Baltimore (WIN) 1
TOP OF THE 6TH
Detroit (WIN) Tigers batting - Pitching for Baltimore (WIN) Orioles : RHP Wayne Lammers
Batting: RHB Jon Goldstein 0-0: Called Strike
0-1: Called Strike
0-2: Ball
1-2: Fly out, F7 (Flyball, 7LM, EV 78.8 MPH)
Batting: LHB Freddy Troncoso 0-0: Called Strike
0-1: Ball
1-1: Fly out, F7 (Line Drive, 7LS, EV 96.9 MPH)
Batting: SHB Ross Holland 0-0: Ball
1-0: Swinging Strike
1-1: Ground out 6-3 (Groundball, 6M, EV 80.6 MPH)
Top of the 6th over - 0 runs, 0 hits, 0 errors, 0 left on base; Detroit (WIN) 5 - Baltimore (WIN) 1
BOTTOM OF THE 6TH
Baltimore (WIN) Orioles batting - Pitching for Detroit (WIN) Tigers : RHP Nate Mull
Batting: RHB Vince Jackson 0-0: Ball
1-0: Swinging Strike
1-1: Swinging Strike
1-2: Foul Ball, location: 2F
1-2: Strikes out swinging
Batting: RHB Rudo Garciaparra 0-0: Reached on error, E6 (Groundball, 6D, EV 105.6 MPH)
Batting: RHB Alex Valencia 0-0: Ball
1-0: Ball
2-0: Called Strike
Rudo Garciaparra steals 2nd base
2-1: Ground out 6-3 (Groundball, 6M, EV 105.0 MPH)
Rudo Garciaparra to third
Batting: LHB Justin Moore 0-0: Ball
1-0: Foul Ball, location: 2F
1-1: Foul Ball, location: 2F
1-2: Ball
2-2: Strikes out swinging
Bottom of the 6th over - 0 runs, 0 hits, 1 error, 1 left on base; Detroit (WIN) 5 - Baltimore (WIN) 1
TOP OF THE 7TH
Detroit (WIN) Tigers batting - Pitching for Baltimore (WIN) Orioles : RHP Wayne Lammers
Pitching: RHP Shane Kruger
Batting: LHB Jon Frederick 0-0: Ball
1-0: DOUBLE (Flyball, 89D, EV 97.5 MPH)
Batting: RHB Steve Clark 0-0: Ball
1-0: Foul Ball, location: 2F
1-1: SINGLE (Flyball, 5D, EV 87.5 MPH)
Jon Frederick to third
Batting: RHB Joel Miller 0-0: Ball
1-0: SINGLE (Flyball, 4D, EV 86.9 MPH)
Jon Frederick scores
Steve Clark to second
Batting: RHB Aaron Cusick 0-0: Bunted foul
0-1: Sac Bunt to 15S - play at first, batter OUT! 1-4
Steve Clark to third
Joel Miller to second
Batting: RHB Yaremka Rzhevsky 0-0: Ball
1-0: Ground out 5-3 (Groundball, 5S, EV 86.2 MPH)
Batting: LHB Luis Dominguez 0-0: Swinging Strike
0-1: Swinging Strike
0-2: Ball
1-2: Foul Ball, location: 2F
1-2: Ball
2-2: Strikes out swinging
Top of the 7th over - 1 run, 3 hits, 0 errors, 2 left on base; Detroit (WIN) 6 - Baltimore (WIN) 1
BOTTOM OF THE 7TH
Baltimore (WIN) Orioles batting - Pitching for Detroit (WIN) Tigers : RHP Nate Mull
Batting: SHB Jorge Brito 0-0: Ball
1-0: Called Strike
1-1: SINGLE (Flyball, 7S, EV 100.6 MPH)
Pitching: RHP Bryan Hallman
Batting: LHB Eddie Ramirez 0-0: Ball
Jorge Brito steals 2nd base
1-0: Called Strike
1-1: Swinging Strike
1-2: Foul Ball, location: 2F
1-2: Ground out 3-1 (Groundball, 34, EV 99.4 MPH)
Jorge Brito to third
Batting: RHB Adam Swimmer 0-0: Ball
1-0: Called Strike
1-1: Ball
2-1: Fly out, F9 (Flyball, 9LM, EV 92.5 MPH)
Runner from 3rd tags up, OUT at HOME! 9-2
Bottom of the 7th over - 0 runs, 1 hit, 0 errors, 0 left on base; Detroit (WIN) 6 - Baltimore (WIN) 1
TOP OF THE 8TH
Detroit (WIN) Tigers batting - Pitching for Baltimore (WIN) Orioles : RHP Shane Kruger
Batting: RHB Jon Goldstein 0-0: Ball
1-0: SINGLE (Groundball, 56D, EV 95.6 MPH)
Batting: LHB Freddy Troncoso 0-0: Foul Ball, location: 2F
0-1: Grounds into double play, 4-6-3 (Groundball, 34S, EV 79.4 MPH)
Batting: SHB Ross Holland 0-0: Foul Ball, location: 2F
0-1: Swinging Strike
0-2: Foul Ball, location: 2F
0-2: Strikes out swinging
Top of the 8th over - 0 runs, 1 hit, 0 errors, 0 left on base; Detroit (WIN) 6 - Baltimore (WIN) 1
BOTTOM OF THE 8TH
Baltimore (WIN) Orioles batting - Pitching for Detroit (WIN) Tigers : RHP Bryan Hallman
Batting: RHB Danny Merrill 0-0: Foul Ball, location: 2F
0-1: Ball
1-1: Ball
2-1: Ball
3-1: Ground out 6-3 (Groundball, 6, EV 110.6 MPH)
Batting: SHB Alvaro Palacio 0-0: Ball
1-0: Fly out, F8 (Flyball, 78D, EV 96.9 MPH)
Batting: RHB Vince Jackson 0-0: SINGLE (Line Drive, 89S, EV 105.0 MPH)
Batting: RHB Rudo Garciaparra 0-0: Ground out 6-3 (Groundball, P, EV 84.4 MPH)
Bottom of the 8th over - 0 runs, 1 hit, 0 errors, 1 left on base; Detroit (WIN) 6 - Baltimore (WIN) 1
TOP OF THE 9TH
Detroit (WIN) Tigers batting - Pitching for Baltimore (WIN) Orioles : RHP Shane Kruger
Batting: LHB Jon Frederick 0-0: Called Strike
0-1: Ground out 4-3 (Groundball, 34, EV 95.0 MPH)
Batting: RHB Steve Clark 0-0: Called Strike
0-1: Called Strike
0-2: Ball
1-2: Strikes out swinging
Batting: RHB Joel Miller 0-0: Ball
1-0: Foul Ball, location: 2F
1-1: Ball
2-1: SINGLE (Flyball, 9LM, EV 91.2 MPH) - OUT at second base trying to stretch hit.
Top of the 9th over - 0 runs, 1 hit, 0 errors, 0 left on base; Detroit (WIN) 6 - Baltimore (WIN) 1
BOTTOM OF THE 9TH
Baltimore (WIN) Orioles batting - Pitching for Detroit (WIN) Tigers : RHP Bryan Hallman
Batting: RHB Alex Valencia 0-0: Called Strike
0-1: Foul Ball, location: 2F
0-2: Ball
1-2: Ball
2-2: Ball
3-2: Foul Ball, location: 2F
3-2: Strikes out looking
Batting: LHB Justin Moore 0-0: DOUBLE (Groundball, 3L, EV 105.0 MPH)
Batting: SHB Jorge Brito 0-0: Called Strike
0-1: Ball
1-1: Reached on error, E5 (Groundball, 56S, EV 82.5 MPH)
Justin Moore to third
Batting: LHB Eddie Ramirez 0-0: Grounds into double play, 4-6-3 (Groundball, 34D, EV 81.9 MPH)
Bottom of the 9th over - 0 runs, 1 hit, 1 error, 1 left on base; Detroit (WIN) 6 - Baltimore (WIN) 1
Wednesday, June 22nd , 2022 - OOTP Baseball 23.4 Build 64